 Dungeon Crawl Stone Soup version 0.31-a0-204-g7da18cac08 (webtiles) character file.

Game seed: 13047479746250730087

65 qw the Shooter (level 3, 0/20 HPs)
             Began as a Deep Elf Hunter on June 27, 2023.
             Slain by Pargi (6 damage)
             ... on level 2 of the Dungeon.
             The game lasted 00:00:38 (1763 turns).

qw the Shooter (Deep Elf Hunter)                    Turns: 1763, Time: 00:00:38

Health: 0/20       AC:  6    Str: 16    XL:     3   Next: 92%
Magic:  5/5        EV: 11    Int: 13    God:
Gold:   140        SH:  0    Dex: 18    Spells: 2/2 levels left

rFire   . . .        Y - +1 shortbow
rCold   . . .        (shield currently unavailable)
rNeg    . . .        g - +0 ring mail
rPois   .            (no helmet)
rElec   .            e - +0 cloak
rCorr   .            (no gloves)
SInv    .            (no boots)
Will    .....        (no amulet)
Stlth   +            h - +6 ring of strength
HPRegen 0.23/turn    (no ring)
MPRegen 0.09/turn

%: no passive effects
@: no status effects
A: no striking features
a: no special abilities


You were on level 2 of the Dungeon.
You visited 1 branch of the dungeon, and saw 3 of its levels.

You collected 140 gold pieces.


   Skills:
 - Level 1.5 Fighting
 + Level 7.4 Ranged Weapons
 - Level 2.4 Dodging
 - Level 1.2 Stealth


You had 2 spell levels left.
You didn't know any spells.
Your spell library was empty.

Inventory:

Hand Weapons
 Y - a +1 shortbow (weapon)
Armour
 e - a +0 cloak (worn)
 g - a +0 ring mail (worn)
Jewellery
 h - a +6 ring of strength (left hand)
Scrolls
 a - a scroll of identify
Potions
 c - a potion of cancellation
 i - a potion of invisibility {unknown}

Dungeon Overview and Level Annotations

Branches:
Dungeon (3/15)

Altars:

Annotations:
D:1 2 transporters
D:2 1 runed translucent door, Crazy Yiuf, Pargi


Message History

You climb downwards.
Found a dyed leather armour.
There is a stone staircase leading up here.
There are monsters nearby!
Waypoint 2 assigned to D:3.
You shoot an arrow.
The arrow hits Pargi but does no damage.
The endoplasm quivers.
You shoot an arrow. The arrow hits Pargi!
Pargi is moderately wounded.
The adder hisses angrily.
You shoot an arrow. The arrow barely misses Pargi.
Pargi looks around nervously.
You shoot an arrow. The arrow barely misses Pargi.
You shoot an arrow. The arrow barely misses Pargi.
The arrow hits the endoplasm.
The endoplasm is heavily wounded.
Pargi closely misses you. Pargi claws you. Pargi claws you but does no damage.
1758 ||| STAIRDANCE The adder closely misses you.
Pargi bites you. Pargi claws you. x2
The adder closely misses you.
You climb upwards.
Level annotation: 1 runed translucent door, Crazy Yiuf
There is a stone staircase leading down here.
You shoot an arrow. The arrow hits Pargi.
Pargi is lightly wounded.
Pargi bites you but does no damage. Pargi claws you but does no damage. x2
The adder closely misses you. Pargi bites you. Pargi barely misses you.
Pargi claws you but does no damage.
You shoot an arrow. The arrow hits Pargi.
Pargi is lightly wounded.
The adder bites you but does no damage. x2; Pargi closely misses you.
Pargi completely misses you. Pargi misses you.
You shoot an arrow. The arrow hits Pargi.
Pargi is moderately wounded.
The adder barely misses you. Pargi bites you but does no damage.
Pargi barely misses you. Pargi claws you but does no damage.
You shoot an arrow.
The arrow hits Pargi but does no damage.
Pargi is moderately wounded.
The adder bites you but does no damage. Pargi bites you.
You die...

#.##..####.##.#
#..........##.#
###.#########'## #.#
##...## #.# ##.....##
##.## ##.......##
##...####.........##
###.S.....+.........'.
#....@T.###<........##
#.###.#># ##.......##
#.###.#.# ##.....##
#.#...#.# ##...##
#.#.###.# ##'## #.#.#
#.#######.#
#.#.###...).....#
#.......######..##
###.###.######...#####


You could see Pargi and an adder.

Vanquished Creatures
  An adder (D:2)
  3 dart slugs
  5 endoplasms
  2 giant cockroaches
  6 goblins
  4 hobgoblins
  2 jackals (D:2)
  5 kobolds
  3 quokkas (D:1)
  A ball python (D:1)
  4 bats
  2 frilled lizards (D:1)
  6 rats
44 creatures vanquished.

Notes
Turn   | Place    | Note
-------+----------+-------------------------------------------
     0 | D:1      | qw the Deep Elf Hunter began the quest for the Orb.
     0 | D:1      | Reached XP level 1. HP: 12/12 MP: 3/3
     0 | D:1      | 0 ||| qw: Version: 0.3-a-22-g0ed2b0b
     0 | D:1      | 0 ||| qw: Game counter: 6437
     0 | D:1      | 0 ||| qw: Melee chars always use a shield: true
     0 | D:1      | 0 ||| qw: God list: Okawaru
     0 | D:1      | 0 ||| qw: Allow faded altars: false
     0 | D:1      | 0 ||| qw: Do Orc after clearing Dungeon:15 true
     0 | D:1      | 0 ||| qw: Do second Lair branch before Depths: true
     0 | D:1      | 0 ||| qw: Lair rune preference: random
     0 | D:1      | 0 ||| qw: Goals: Normal
     0 | D:1      | 0 ||| PLANNING D:1-11
     2 | D:1      | 2 ||| Stepping ~*~*~tactically~*~*~ (water).
    44 | D:1      | Reached XP level 2. HP: 16/16 MP: 4/4
    87 | D:1      | Reached skill level 6 in Ranged Weapons
   338 | D:1      | Reached XP level 3. HP: 20/20 MP: 5/5
   537 | D:1      | 537 ||| UPGRADING to +0 ring mail.
   547 | D:1      | 547 ||| DROPPING +0 leather armour.
   548 | D:1      | 548 ||| READING scroll labelled ZUSOBIRACY.
   549 | D:1      | 549 ||| READING scroll labelled GOLEIL BYLUBA.
   550 | D:1      | 550 ||| DROPPING scroll of butterflies.
   601 | D:2      | 601 ||| STAIRDANCE
   815 | D:2      | Noticed a golden eye
   818 | D:2      | Found a faded altar of an unknown god.
   822 | D:2      | Noticed a shining eye
   822 | D:2      | Noticed a great orb of eyes
   822 | D:2      | Noticed a golden eye
   841 | D:2      | Reached skill level 7 in Ranged Weapons
  1114 | D:2      | Found a runed translucent door.
  1115 | D:2      | Noticed Crazy Yiuf
  1625 | D:2      | 1625 ||| UPGRADING to +0 cloak.
  1630 | D:2      | 1630 ||| UPGRADING to +6 ring of strength.
  1631 | D:2      | 1631 ||| READING 4 scrolls labelled AVUKHL JIOWIKK.
  1632 | D:2      | 1632 ||| READING scroll labelled OSE NICLIHUEME.
  1633 | D:2      | 1633 ||| READING scroll labelled OWANIM SATHRAOSU.
  1634 | D:2      | 1634 ||| READING 3 scrolls of identify.
  1634 | D:2      | 1634 ||| IDENTIFYING bubbling emerald potion
  1635 | D:2      | 1635 ||| READING 2 scrolls of identify.
  1635 | D:2      | 1635 ||| IDENTIFYING purple potion
  1637 | D:2      | 1637 ||| Stepping ~*~*~tactically~*~*~ (cloud).
  1638 | D:2      | 1638 ||| DRINKING potion of curing.
  1638 | D:2      | 1638 ||| (to cure poison)
  1752 | D:3      | Noticed Pargi
  1758 | D:3      | 1758 ||| STAIRDANCE
  1763 | D:2      | Slain by Pargi

Levels and vault maps discovered:
D:1:      spicycebolla_arrival_transporter_tutorial, layout_rooms
D:2:      layout_loops_corners, hellmonk_ecumenical_altar_watching_god,
          moated_statue, minmay_misc_feat_chi, kennysheep_generic_room_13,
          uniq_crazy_yiuf_cottage
D:3:      layout_rooms, trog_three_pillars_becter, chequers_hall_statues_y,
          kennysheep_orc_chapel, uniq_pargi

Skill      XL: |  1  2  3 |
---------------+----------+-----
Ranged Weapons | 6 7 |  7.4
Fighting       | |  1.5
Dodging        | |  2.4
Stealth        | |  1.2

Action                     || total
---------------------------++-------
   Fire: Shortbow          ||   138
    Use: Scroll            ||     7
         Potion            ||     1
 Armour: Leather armour    ||    10
         Ring mail         ||    27
  Dodge: Dodged            ||    33

Table legend:
 A = Non-vault XP
 B = Vault XP
 C = Vault XP percentage of total XP
 D = Non-vault monster count
 E = Vault monster count
 F = Vault count percentage of total count
                 A         B        C        D         E       F
            +---------+---------+-------+---------+---------+-------
      Total |      91 |       2 |   2.2 |      43 |       1 |   2.3
            +---------+---------+-------+---------+---------+-------
        D:1 |      52 |       0 |   0.0 |      29 |       0 |   0.0
        D:2 |      39 |       2 |   4.9 |      14 |       1 |   6.7
            +---------+---------+-------+---------+---------+-------
